 Dungeon Crawl Stone Soup version 0.22-a0-192-g6ffc940 (webtiles) character file.

44 4thArraOfDagon the Sneak (level 3, -3/15 HPs)
             Began as a Felid Wanderer on Feb 16, 2018.
             Killed by nerve-wracking pain
             ... invoked by an orc priest
              (10 damage)
             ... on level 4 of the Dungeon.
             The game lasted 00:04:05 (574 turns).

4thArraOfDagon the Sneak (Felid Wanderer)            Turns: 574, Time: 00:04:06

Health: -3/15      AC:  1    Str:  8    XL:     3   Next: 39%
Magic:  7/7        EV: 17    Int: 15    God:
Gold:   33         SH:  0    Dex: 14    Spells: 2/6 levels left
                                        Lives:  0   Deaths: 0

rFire    . . .     SeeInvis +     - Unarmed
rCold    . . .     Gourm    .   (shield unavailable)
rNeg     . . .     Faith    .   (armour unavailable)
rPois    .         Spirit   .   (helmet unavailable)
rElec    .         Reflect  .   (cloak unavailable)
rCorr    .         Harm     .   (gloves unavailable)
MR       .....                  (boots unavailable)
Stlth    +++.......             (no amulet)
HPRegen  0.05/turn              (no ring)
MPRegen  0.10/turn              (no ring)

@: quick
A: very small, no armour, no weapons or thrown items, stealth, claws 1, fangs 3,
see invisible, carnivore, speed 1, shaggy fur 1, slow metabolism 1, sharp paws
a: no special abilities


You were on level 4 of the Dungeon.
You were completely stuffed.

You visited 1 branch of the dungeon, and saw 5 of its levels.

You collected 33 gold pieces.

Inventory:

Scrolls
 e - a scroll of magic mapping
 f - a scroll of identify
Books
 b - the Reference Book on Snow

   Spells                             Type                      Level
   a - Freeze                         Ice                          1
   b - Ozocubu's Armour               Charms/Ice                   3
 c - a book of Changes

   Spells                             Type                      Level
   a - Beastly Appendage              Transmutation                1
   b - Sticks to Snakes               Transmutation                2
   c - Spider Form                    Transmutation/Poison         3
   d - Ice Form                       Ice/Transmutation            4
   e - Blade Hands                    Transmutation                5
Comestibles
 a - 2 chunks of flesh
 d - 2 rations


   Skills:
 - Level 1.0 Fighting
 + Level 1.8 Dodging
 + Level 3.5 Stealth
 * Level 3.0 Unarmed Combat
 + Level 2.0 Spellcasting
   Level 1.2 Charms
   Level 3.0 Translocations
 * Level 0.0 Transmutations


You had 2 spell levels left.
You knew the following spells:

 Your Spells              Type           Power        Failure   Level  Hunger
a - Freeze                Ice            #...         22%         1    #......
b - Spider Form           Tmut/Pois      #.........   54%         3    ###....


Dungeon Overview and Level Annotations

Branches:
Dungeon (5/15)
 Temple: D:4-7

Altars:

Annotations:
D:3 Grinder
D:4 Eustachio, Robin


Innate Abilities, Weirdness & Mutations

You cannot wear armour.
You are incapable of wielding weapons or throwing items.
Your paws allow you to move quietly. (Stealth)
You have sharp claws.
You have razor-sharp teeth.
You have supernaturally acute eyesight. (SInv)
You are carnivorous and can eat meat at any time.
You cover ground quickly.
You are covered in fur. (AC +1)
You have a slow metabolism.
Your sharp claws are effective at attacking unaware monsters.


Message History

You kill the giant cockroach!
As you open the door, it creaks loudly!
There is an open door here.
A crimson imp comes into view.
There is an open door here.
There is a stone staircase leading up here.
You see here a ball python skeleton.
There is a stone staircase leading up here.
You climb upwards.
Level annotation: Eustachio, Robin The orc priest looks braver for a moment.
Found a scroll labeled PUMUPR HUER.
There is a stone staircase leading down here.
Unknown command.
The worker ant twitches its antennae in your direction.
The worker ant completely misses you.
The orc priest invokes the aid of Beogh against you.
Pain shoots through your body!
Ouch! That really hurt!
You die...

####.# .# #....# .#
#.##.#
####.#####....#
#........O##..##
#?........##...#
#..............#
#..as.....#.<#a#####
#..@........oo5O@)rh
#.........#..os#####
#.........######
#.........#
........o.#
##.......o.#
###........ .
######### .. !..#


You could see an ogre (wandering), a worker ant, an orc priest, an orc and a
giant cockroach (wandering).

Vanquished Creatures
  An orc wizard (D:3)
  A leopard gecko (D:4)
  An orc (D:3)
  A ball python (D:5)
  2 giant cockroaches
  A goblin (D:1)
  3 kobolds (D:3)
  A quokka (D:2)
  A bat (D:3)
  A rat (D:2)
13 creatures vanquished.

Notes
Turn   | Place    | Note
-------+----------+-------------------------------------------
     0 | D:1      | 4thArraOfDagon the Felid Wanderer began the quest for the Orb.
     0 | D:1      | 4thArraOfDagon set off with: a potion of heal wounds, the Reference Book on Snow, a potion of curing, a ration
     0 | D:1      | Reached XP level 1. HP: 9/9 MP: 4/4
     0 | D:1      | Identified the Reference Book on Snow
    29 | D:1      | Learned a level 1 spell: Freeze
   144 | D:4      | Noticed Eustachio
   144 | D:4      | Noticed an orc wizard
   144 | D:4      | Noticed an orc wizard
   144 | D:4      | Noticed an ogre
   144 | D:4      | Noticed a worker ant
   171 | D:3      | Found a faded altar of an unknown god.
   172 | D:3      | Noticed an orc wizard
   201 | D:3      | Reached skill level 1 in Dodging
   201 | D:3      | Reached XP level 2. HP: 11/12 MP: 6/6
   213 | D:3      | Reached XP level 3. HP: 13/15 MP: 7/7
   231 | D:3      | Noticed Grinder
   264 | D:4      | Noticed Robin
   516 | D:4      | Learned a level 3 spell: Spider Form
   518 | D:5      | Entered Level 5 of the Dungeon
   574 | D:4      | Killed from afar by an orc priest

Vault maps used:
D:1:      erik_arrival_triangle_large, grunt_decor_one_mirror,
          evilmike_ruin_ashenzari
D:2:      lemuel_crystal_altar, overflow_temple_1_default,
          grunt_decor_mini_mirrors, corexii_leaking_fountain, uniq_terence
D:3:      chequers_ecumenical_altar_island, portal_sewer_entry_e, uniq_grinder
D:4:      first_ration, minmay_misc_feat_doors, uniq_robin,
          uniq_crazy_yiuf_cottage, uniq_eustachio
D:5:      nicolae_overflow_crystal_walls, nemelex_xobeh_ov_fountains_minmay,
          uniq_edmund

Skill      XL: |  1  2  3 |
---------------+----------+-----
Dodging        | 1 |  1.8
Stealth        | 3 |  3.5
Unarmed Combat | 3 |  3.0
Fighting       | |  1.0
Spellcasting   | |  2.0
Charms         | |  1.2
Translocations | |  3.0

Action                   || total
-------------------------++-------
Melee: Unarmed           ||    43
       Bite              ||     3
 Cast: Freeze            ||     3
  Use: Potion            ||     3
       Scroll            ||     5
 Stab: Sleeping          ||     3
  Eat: Chunk             ||     7
Armor: Skin              ||     3
Dodge: Dodged            ||    31

Table legend:
 A = Spawn XP
 B = Non-spawn XP
 C = Spawn XP percentage of total XP
 D = Spawn monster count
 E = Non-spawn monster count
 F = Spawn count percentage of total count
 G = Total turns spent on level
                    A         B        C        D         E        F      G
               +---------+---------+-------+---------+---------+-------+---------
         Total |       0 |      63 |   0.0 |       0 |      13 |   0.0 |   574
               +---------+---------+-------+---------+---------+-------+---------
           D:1 |       0 |       2 |   0.0 |       0 |       1 |   0.0 |    54
           D:2 |       0 |       3 |   0.0 |       0 |       2 |   0.0 |    43
           D:3 |       0 |      51 |   0.0 |       0 |       7 |   0.0 |   357
           D:4 |       0 |       3 |   0.0 |       0 |       1 |   0.0 |    65
           D:5 |       0 |       4 |   0.0 |       0 |       2 |   0.0 |    55
               +---------+---------+-------+---------+---------+-------+---------
